 Dungeon Crawl Stone Soup version 0.31.0-11-ge490571c62 (webtiles) character file.

Game seed: 13044122247885649237

38 Esekla the Grasshopper (level 3, 0/18 HPs)
             Began as a Vine Stalker Warper on Jan 31, 2024.
             Slain by Sigmund
             ... wielding a +0 scythe of protection
              (2 damage)
             ... on level 2 of the Dungeon.
             The game lasted 00:05:46 (807 turns).

Esekla the Grasshopper (Vine Stalker Warper)         Turns: 807, Time: 00:05:47

Health: 0/18       AC:  3    Str: 13    XL:     3   Next: 43%
Magic:  0/8        EV: 11    Int: 15    God:
Gold:   83         SH:  5    Dex: 13    Spells: 4/7 levels left

rFire   . . .        a - +0 falchion
rCold   . . .        (no shield)
rNeg    . . .        b - +0 leather armour
rPois   +            (no helmet)
rElec   .            (no cloak)
rCorr   .            (no gloves)
SInv    .            (no boots)
Will    .....        i - amulet of reflection
Stlth   +            f - ring of poison resistance
HPRegen 1.03/turn    (no ring)
MPRegen 0.11/turn

%: reflection, guardian spirit
@: no status effects
A: fangs 2, regeneration 1, magic shield, antimagic bite, no potion heal 2
a: no special abilities


You were on level 2 of the Dungeon.
You visited 1 branch of the dungeon, and saw 2 of its levels.

You collected 83 gold pieces.

Inventory:

Hand Weapons
 a - a +0 falchion (weapon)
 e - a +0 dagger
 h - a +1 spear of freezing
 j - a +0 dagger
Missiles
 d - 7 darts of dispersal (quivered)
Armour
 b - a +0 leather armour (worn)
Jewellery
 f - a ring of poison resistance (left hand)
 i - an amulet of reflection (around neck)
Scrolls
 c - a scroll of blinking
 k - a scroll of immolation {unknown}
 l - a scroll of enchant armour {unknown}
Potions
 g - a potion of resistance {unknown}
 m - a potion of heal wounds {unknown}
 n - a potion of haste {unknown}


   Skills:
 * Level 2.1 Fighting
 + Level 1.9 Long Blades
 + Level 1.0 Throwing
 - Level 0.7 Armour
 + Level 1.8 Dodging
 * Level 2.6 Spellcasting
 * Level 0.3 Conjurations
 + Level 3.4 Translocations


You had 4 spell levels left.
You knew the following spells:

 Your Spells              Type           Power      Damage    Failure   Level
a - Magic Dart            Conj           8%         1d3       24%         1
b - Blink                 Tloc           24%        N/A       10%         2

Your spell library contained the following spells:

 Spells                   Type           Power      Damage    Failure   Level
 Lesser Beckoning         Tloc           24%        N/A       10%         2
 Teleport Other           Tloc           12%        N/A       21%         3
 Call Imp                 Summ           4%         N/A       36%         2
 Manifold Assault         Tloc           12%        N/A       54%         4
 Vhi's Electric Charge    Tloc/Air       14%        N/A       78%         4


Dungeon Overview and Level Annotations

Branches:
Dungeon (2/15)

Altars:

Annotations:
D:2 Sigmund


Innate Abilities, Weirdness & Mutations

You have extremely sharp teeth.
Your natural rate of healing is unusually fast.
When hurt, damage is shared between your health and your magic reserves.
Your bite disrupts and absorbs the magic of your enemies.
Potions cannot restore your health.


Message History

Found a sapphire potion.
You now have 83 gold pieces (gained 14).
m - a sapphire potion
Found a green potion.
n - a green potion Sigmund and a bat come into view.
Sigmund is wielding a +0 scythe of protection and wearing a +0 robe of cold resistance.
Sigmund shouts!
A rat comes into view.
The bat moves out of view.
A quokka comes into view.
The rat squeaks loudly.
The bat completely misses you.
Sigmund mumbles some strange words.
Sigmund flickers and vanishes!
Deactivating autopickup; reactivate with Ctrl-A.
You closely miss the bat. You block the bat's attack.
The bat barely misses you.
You hit the rat.
You kill the rat!
The quokka closely misses you. Something hits you.
You hit the quokka.
The quokka is almost dead.
The quokka misses you.
You barely miss the quokka.
The quokka is almost dead.
The quokka bites you. Something hits you. You block the quokka's attack.
You closely miss the quokka. You bite the quokka, but do no damage.
The quokka is almost dead.
Something hits you but does no damage. The quokka closely misses you.
You hit the quokka.
You kill the quokka!
Something hits you.
You hit something but do no damage. Your bite misses something.
Something hits you!
* * * LOW HITPOINT WARNING * * *
You hit something but do no damage. You bite something. Something hits you.
* * * LOW HITPOINT WARNING * * *
You closely miss something. Something hits you.
You die...

... #... #.###... .
##....... .. .....#...
... ##..... .... ##..<.
..... #.########....
......#####..........###
.....b{@..##.........# #
.....####..#.........#
... ##...........# #
###..........#
##............#
#..#...#......###
#.###.....###...#
##.##...##.#####..
..######..##.#.##...#
##.


You could see a bat.

Vanquished Creatures
  An adder (D:1)
  3 endoplasms
  2 hobgoblins (D:1)
  3 quokkas
  3 ball pythons (D:1)
  5 bats (D:1)
  2 frilled lizards (D:2)
  2 goblins (D:1)
  4 kobolds (D:1)
  3 rats
28 creatures vanquished.

Notes
Turn   | Place    | Note
-------+----------+-------------------------------------------
     0 | D:1      | Esekla the Vine Stalker Warper began the quest for the Orb.
     0 | D:1      | Reached XP level 1. HP: 11/11 MP: 4/4
   121 | D:1      | Reached skill level 1 in Throwing
   222 | D:1      | Reached XP level 2. HP: 4/15 MP: 1/6
   225 | D:1      | Learned a level 2 spell: Blink
   234 | D:1      | Learned a level 1 spell: Magic Dart
   423 | D:1      | Reached XP level 3. HP: 18/18 MP: 7/7
   793 | D:2      | Noticed Sigmund
   807 | D:2      | Slain by Sigmund

Illustrated notes

Levels and vault maps discovered:
D:1:      dpeg_arrival_orchard, layout_basic, minmay_tree_intersection,
          minmay_small_reverse_x
D:2:      layout_rooms, uniq_sigmund

Skill      XL: |  1  2 |
---------------+-------+-----
Throwing       | 1 |  1.0
Fighting       | 2 |  2.1
Long Blades    | |  1.9
Armour         | |  0.7
Dodging        | |  1.8
Spellcasting   | |  2.6
Conjurations   | |  0.3
Translocations | |  3.4

Action                     || total
---------------------------++-------
  Melee: Falchion          ||    88
         Bite              ||    16
         Dagger            ||     1
         Punch             ||     1
 Armour: Leather armour    ||    64
  Dodge: Dodged            ||    56
  Block: Other             ||     9
